 Dungeon Crawl Stone Soup version 0.31.0-32-g396128a36d (webtiles) character file.

Game seed: 13958785950871140729

74 Henri the Ruffian (level 4, -7/29 HPs)
             Began as an Octopode Shapeshifter on Apr 6, 2024.
             Mangled by Crazy Yiuf
             ... wielding a +4 quarterstaff of chaos
              (8 damage)
             ... on level 2 of the Dungeon.
             The game lasted 00:03:39 (1382 turns).

Henri the Ruffian (Octopode Shapeshifter)           Turns: 1382, Time: 00:03:41

Health: -7/29      AC:  1    Str: 15    XL:     4   Next: 28%
Magic:  4/4        EV: 13    Int: 12    God:
Gold:   102        SH:  0    Dex: 11    Spells: 3/3 levels left

rFire   . .          .
                       - Unarmed
rCold   . . .        (no shield)
rNeg    . . .        (helmet currently unavailable)
rPois   .            (no amulet)
rElec   .            (no ring)
rCorr   .            (no ring)
SInv    .            (no ring)
Will    .....        (no ring)
Stlth   ++           (no ring)
HPRegen 0.24/turn    (no ring)
MPRegen 0.09/turn    (no ring)
                     (no ring)

%: no passive effects
@: lethally poisoned (-7 -> -18), beast-form
A: beast (slay +2), almost no armour, amphibious, 8 rings, camouflage 1,
gelatinous body 1, (nimble swimmer 1), tentacles
a: Begin Untransformation


You were on level 2 of the Dungeon.
You were a hulking beast.
You visited 1 branch of the dungeon, and saw 2 of its levels.

You collected 152 gold pieces.
You spent 50 gold pieces at shops.

Inventory:

Jewellery
 f - an amulet of magic regeneration
Talismans
 b - a beast talisman
 c - a flux talisman
Scrolls
 e - a scroll of teleportation {unknown}
 g - a scroll of enchant weapon {unknown}
 i - a scroll of brand weapon {unknown}
 k - 2 scrolls of noise {unknown}
 l - a scroll of fear {unknown}
Potions
 a - a potion of lignification
 d - 3 potions of brilliance {unknown}
 h - a potion of heal wounds
 j - a potion of degeneration {unknown}
 m - a potion of curing {unknown}


   Skills:
 + Level 2.1 Fighting
 - Level 2.2 Dodging
 * Level 3.9 Unarmed Combat
 - Level 3.5 Shapeshifting


You had 3 spell levels left.
You didn't know any spells.
Your spell library contained the following spells:

 Spells                   Type           Power      Damage    Failure   Level
 Freeze                   Ice            0%         1d3       32%         1
 Frozen Ramparts          Ice            0%         1d1       69%         3
 Hailstorm                Conj/Ice       0%         3d5       69%         3


Dungeon Overview and Level Annotations

Branches:
Dungeon (2/15)

Altars:

Shops:
D:2 !

Annotations:
D:2 Crazy Yiuf


Innate Abilities, Weirdness & Mutations

You are a hulking beast.
Your limbs bulge with bestial killing power. (Slay +2)
You cannot wear most types of armour.
You are amphibious.
You can wear up to eight rings at the same time.
Your skin changes colour to match your surroundings (Stealth+).
Your rubbery body absorbs attacks. (AC +1, EV +1)
((You are camouflaged when in or above water. (Stealth+)))
You have tentacles for arms and can constrict up to eight enemies at once.


Message History

You constrict the jackal. The jackal closely misses you.
You barely miss the jackal.
The jackal is severely wounded.
You constrict the jackal.
You kill the jackal!
You closely miss the jackal. You grab the jackal. You constrict the jackal.
The jackal barely misses you.
You tentacle-slap the jackal but do no damage.
The jackal is heavily wounded.
You constrict the jackal. The jackal bites you.
The jackal completely misses you.
You tentacle-slap the jackal.
You kill the jackal!
You completely miss the jackal. You grab the jackal.
You tentacle-slap the jackal.
The jackal is heavily wounded.
You constrict the jackal. The jackal misses you.
You bludgeon the jackal!
You kill the jackal!
You start resting.
HP restored.
Things that are here:
a jackal corpse; a jackal corpse
Found a stone staircase leading up.
You see here a +0 flail.
Found a runed translucent door.
Crazy Yiuf shouts!
You open the door. You tentacle-slap Crazy Yiuf. Your grab misses Crazy Yiuf.
Crazy Yiuf is moderately wounded.
Crazy Yiuf hits you with a +4 quarterstaff of chaos!
You are poisoned.
You barely miss Crazy Yiuf. You grab Crazy Yiuf. You squeeze Crazy Yiuf.
Crazy Yiuf is moderately wounded.
You constrict Crazy Yiuf.
You feel very sick.
Crazy Yiuf hits you with a +4 quarterstaff of chaos!
* * * LOW HITPOINT WARNING * * *
You are electrocuted!
You die...

♣♣..♣..#
#....#
♣♣P.♣..#
#....#
♣..♣♣#.#
♣.P..♣
†♣♣♣##)#
♣..P♣♣
.......#
♣♣.♣♣
....##.#####
♣.♣♣
...........#
♣♣.♣
...####....#
♣.♣♣ ...#
#....# ♣♣h♣
#### #....#
#g# #....#
... #..<.#
#...# ######
#..)# #####


You could see Crazy Yiuf.

Vanquished Creatures
  An adder (D:2)
  A gnoll (D:1)
  A ribbon worm (D:2)
  5 endoplasms (D:1)
  A giant cockroach (D:2)
  5 goblins
  5 hobgoblins (D:1)
  6 jackals
  3 quokkas
  6 ball pythons
  3 bats (D:1)
  3 frilled lizards
  4 kobolds (D:1)
  2 rats
46 creatures vanquished.

Notes
Turn   | Place    | Note
-------+----------+-------------------------------------------
     0 | D:1      | Henri the Octopode Shapeshifter began the quest for the
                  | Orb.
     0 | D:1      | Reached XP level 1. HP: 13/13 MP: 1/1
    43 | D:1      | Reached XP level 2. HP: 14/18 MP: 2/2
   184 | D:1      | Reached XP level 3. HP: 16/23 MP: 3/3
  1077 | D:2      | Found Hosog's Distillery.
  1105 | D:2      | Bought a potion of heal wounds for 50 gold pieces
  1189 | D:2      | Reached XP level 4. HP: 21/29 MP: 4/4
  1375 | D:2      | Found a runed translucent door.
  1376 | D:2      | Noticed Crazy Yiuf
  1382 | D:2      | HP: 1/29 [Crazy Yiuf/+4 quarterstaff of chaos (13)]
  1382 | D:2      | Mangled by Crazy Yiuf

Illustrated notes

Levels and vault maps discovered:
D:1:      orjb1_lava_funnel, layout_basic, minmay_misc_feat_iff
D:2:      layout_rooms, serial_shops, nicolae_shop_tiny_waterfront,
          serial_forest, infiniplex_forest_clump_small,
          infiniplex_forest_side_room, infiniplex_forest_lined_corner,
          infiniplex_forest_lined_2, infiniplex_forest_zigzag_2,
          infiniplex_forest_clump_small, infiniplex_forest_straight_2,
          uniq_crazy_yiuf_cottage

Skill      XL: |  1  2  3 |
---------------+----------+-----
Fighting       | 2 |  2.1
Dodging        | |  2.2
Unarmed Combat | |  3.9
Shapeshifting  | |  3.5

Action                     |  1- 3 |  4- 6 || total
---------------------------+-------+-------++-------
  Melee: Unarmed           |    73 |    14 ||    87
         Tentacles         |    14 |     2 ||    16
         Constrict         |    18 |     6 ||    24
         Punch             |     4 |     1 ||     5
   Stab: Sleeping          |     7 |       ||     7
         Distracted        |     1 |       ||     1
 Armour: Skin              |    19 |     4 ||    23
  Dodge: Dodged            |    37 |     7 ||    44
